 Dungeon Crawl Stone Soup version 0.29-a0-802-g34511f41fd (webtiles) character file.

Game seed: 14128409948060223064

19329 benadryl the Severer (level 12, -8/84 HPs)
             Began as a Gargoyle Berserker on July 3, 2022.
             Was a High Priest of Trog.
             Killed from afar by a lindwurm (34 damage)
             ... with a blast of flame
             ... on level 3 of the Lair of Beasts.
             The game lasted 00:17:40 (15960 turns).

benadryl the Severer (Gargoyle Berserker)          Turns: 15960, Time: 00:17:40

Health: -8/84      AC: 30    Str: 32    XL:     12   Next: 67%
Magic:  0/12       EV:  8    Int:  8    God:    Trog [*****.]
Gold:   1156       SH:  0    Dex:  9    Spells: 11/11 levels left

rFire   . . .      SeeInvis +   a - +1 hand axe (elec)
rCold   . . .      Faith    .   (no shield)
rNeg    + . .      Spirit   +   l - +0 plate armour
rPois   ∞          Reflect  .   (no helmet)
rElec   +          Harm     .   o - +2 cloak
rCorr   .          Rampage  .   B - +1 pair of gloves
Will    .....                   K - +0 pair of boots of Veetetsa {SInv}
Stlth   ..........              A - amulet of guardian spirit
HPRegen 0.24/turn               r - +4 ring of protection
MPRegen 0.13/turn               H - +6 ring of strength

@: on berserk cooldown, flying, slowed, very slow
A: sickness immunity, AC +8, negative energy resistance 1, electricity
resistance, torment resistance 1, petrification resistance
a: Renounce Religion, Berserk, Trog's Hand, Brothers in Arms


You were on level 3 of the Lair of Beasts.
You worshipped Trog.
Trog was extremely pleased with you.
You visited 2 branches of the dungeon, and saw 12 of its levels.

You collected 1156 gold pieces.

Inventory:

Hand Weapons
 a - a +1 hand axe of electrocution (weapon)
 s - a +0 war axe
Missiles
 L - a throwing net
 M - a curare-tipped dart
Armour
 l - a +0 plate armour (worn)
 o - a +2 cloak (worn)
 B - a +1 pair of gloves (worn)
 K - the +0 pair of boots of Veetetsa (worn) {SInv}
   (You found it on level 8 of the Dungeon)

   SInv:      It lets you see invisible.
Jewellery
 f - a ring of resist corrosion
 r - a +4 ring of protection (left hand)
 A - an amulet of guardian spirit (around neck)
 H - a +6 ring of strength (right hand)
 I - a ring of fire
Wands
 j - a wand of flame (15)
 n - a wand of roots (20)
 t - a wand of quicksilver (12)
 F - a wand of paralysis (20) (quivered)
 O - a wand of digging (4)
Scrolls
 d - a scroll of blinking
 g - 2 scrolls of poison
 h - 3 scrolls of teleportation
 i - 2 scrolls of identify {@r1}
 m - 3 scrolls of vulnerability
 q - 2 scrolls of magic mapping
 u - 5 scrolls of enchant weapon
 y - a scroll of immolation
 D - a scroll of fog
 G - 2 scrolls of torment
Potions
 b - a potion of magic
 c - 4 potions of degeneration
 e - 10 potions of curing {@q1}
 k - 2 potions of haste
 p - a potion of brilliance
 v - 4 potions of ambrosia
 x - 2 potions of might
 z - 4 potions of heal wounds
 C - 3 potions of attraction {unknown}
 E - a potion of flight
 N - 2 potions of mutation


   Skills:
 + Level 13.4 Fighting
 * Level 15.5 Axes
 - Level 2.1 Armour
 - Level 1.5 Dodging


You had 11 spell levels left.
You didn't know any spells.
Your spell library was empty.

Dungeon Overview and Level Annotations

Branches:
Dungeon (9/15)             Temple (0/1) D:4            Lair (3/6) D:9
  Swamp (0/4) Lair:2       Spider (0/4) Lair:2
    Orc: D:9-12

Altars:
Ashenzari
Kikubaaqudgha
Qazlal
Ru
Trog
Uskayaw
Wu Jian

Shops:
D:5 [


Innate Abilities, Weirdness & Mutations

You are immune to sickness and miasma.
Your stone body is resilient. (AC +8)
You are immune to poison.
You resist negative energy. (rN+)
You are resistant to electric shocks. (rElec)
You are resistant to unholy torment.
You are immune to petrification.


Message History

The lindwurm is heavily wounded.
You hit the lindwurm.
You kill the lindwurm!
Trog accepts your kill. The lindwurm barely misses you. The lindwurm claws you.
* * * LOW HITPOINT WARNING * * *
The lindwurm barely misses you. The lindwurm completely misses you.
The lindwurm closely misses you.
The lindwurm claws you but does no damage.
You slice the lindwurm!!
The lindwurm is almost dead.
You hit the lindwurm. You slice the lindwurm!!
Lightning courses through the lindwurm!!
You kill the lindwurm!
Trog accepts your kill.
You slash the lindwurm!
You hear a roar!
You hit the lindwurm but do no damage.
The lindwurm is heavily wounded.
The lindwurm bites you but does no damage.
The lindwurm claws you but does no damage. x2
You barely miss the lindwurm.
The lindwurm is heavily wounded.
You slash the lindwurm!
The lindwurm is almost dead.
The lindwurm barely misses you.
The lindwurm claws you but does no damage. x2
You slash the lindwurm!
You kill the lindwurm!
Trog accepts your kill.
You see here a lindwurm corpse.
You feel a strong urge to attack something.
You are no longer berserk.
You are exhausted.
You feel yourself slow down.
Your iron troll goes berserk!
The lindwurm breathes flames at you. The blast of flame hits you!!!
You die...

#...§≈§≈≈≈§§≈≈§§≈≈≈≈≈...........
##...≈≈≈≈§≈....≈≈≈≈≈§§..........
#..≈§§§≈...##...≈≈§≈§§.P##..#.P
##.§§≈§≈≈§.####.§≈≈§§§..........
#...≈≈≈§..#.)?.#..§§≈§..........
##..≈≈§§§.##(k}[##§§§≈§§§..#.....
#...≈≈≈§§.##[|}!##.§≈≈≈§§..#..#..
##..≈≈≈≈§..#.?$.#†.≈§≈§....P..#..
#P.≈≈§≈≈≈.. #@.≈≈≈≈≈.§..P..P..
##.§§§≈≈≈...##..T≈≈≈§≈....P.....
#P..§§§§≈§§....≈≈≈≈§§≈..P....P[.
##P.≈§§§≈§≈≈§≈≈≈≈§≈§≈........##.
#P....§≈≈≈§≈≈§≈§≈§§§............
#......§≈§≈≈≈≈§≈≈≈≈.........<...
##.....≈§§≈≈≈≈≈≈≈≈..............
#..........§§..................
#..##......≈...................


You could see a lindwurm (catching breath, ally target) and a friendly iron
troll (summoned, berserk).

Vanquished Creatures
  A two-headed ogre (D:9)
  Pikel (D:8)
  6 lindwurms
  A wolf spider (Lair:2)
  A black mamba (D:9)
  Joseph (D:8)
  4 cane toads
  2 rime drakes (Lair:3)
  4 komodo dragons
  A troll (D:9)
  3 blink frogs
  14 yaks
  8 wyverns
  A basilisk (D:9)
  2 steam dragons (D:9)
  15 water moccasins
  An acid dragon (D:7)
  An ice beast (D:7)
  4 orc warriors
  An ogre (D:5)
  6 black bears
  14 wolves
  A centaur (D:9)
  3 phantoms
  2 kobold brigands
  8 bullfrogs
  A necrophage (D:4)
  3 scorpions
  4 killer bees (D:9)
  An electric eel (Lair:2)
  4 howler monkeys
  Crazy Yiuf (D:2)
  3 orc priests (D:8)
  3 hounds
  5 jellies
  3 iguanas
  7 orc wizards
  2 hell rats (Lair:1)
  9 adders
  10 river rats (Lair:1)
  3 shadow imps
  5 white imps
  3 ufetubi
  A worm (D:2)
  2 dart slugs
  29 orcs
  6 bats
  7 endoplasms
  6 giant cockroaches
  3 goblins
  7 hobgoblins
  9 jackals
  4 quokkas
  3 ball pythons
  A frilled lizard (D:2)
  17 kobolds
  12 rats
280 creatures vanquished.

Vanquished Creatures (collateral kills)
  6 yaks (D:9)
  3 howler monkeys (D:9)
  An orc wizard (D:9)
10 creatures vanquished.

Vanquished Creatures (others)
  A centaur (D:6)
  A shadow imp (D:6)
  A white imp (D:6)
  3 demonic plants (D:6)
  8 fungi
  37 plants
51 creatures vanquished.

Grand Total: 341 creatures vanquished

Notes
Turn   | Place    | Note
-------+----------+-------------------------------------------
     0 | D:1      | benadryl the Gargoyle Berserker began the quest for the
                  | Orb.
     0 | D:1      | Reached XP level 1. HP: 14/14 MP: 1/1
   155 | D:1      | Reached skill level 3 in Axes
   174 | D:1      | Reached XP level 2. HP: 15/19 MP: 2/2
   522 | D:1      | Found a faded altar of an unknown god.
   953 | D:1      | Reached XP level 3. HP: 23/24 MP: 3/3
  1656 | D:2      | Found a bloodstained altar of Trog.
  1712 | D:2      | Reached XP level 4. HP: 29/29 MP: 4/4
  1799 | D:2      | Reached ** piety under Trog
  1807 | D:2      | Found a runed translucent door.
  1808 | D:2      | Noticed Crazy Yiuf
  1879 | D:2      | Killed Crazy Yiuf
  1880 | D:2      | Reached skill level 4 in Axes
  2452 | D:3      | Reached XP level 5. HP: 26/34 MP: 5/5
  3119 | D:4      | Noticed a phantom
  3131 | D:4      | Killed a phantom
  3132 | D:4      | Reached skill level 5 in Axes
  3132 | D:4      | Reached XP level 6. HP: 40/40 MP: 6/6
  3154 | D:4      | Reached skill level 5 in Fighting
  3661 | D:4      | Found a staircase to the Ecumenical Temple.
  3924 | D:5      | Entered Level 5 of the Dungeon
  3969 | D:5      | Reached skill level 6 in Axes
  3969 | D:5      | Reached XP level 7. HP: 44/44 MP: 7/7
  4347 | D:5      | Reached *** piety under Trog
  4415 | D:5      | Reached skill level 7 in Axes
  4449 | D:5      | Found Garisaxt's Antique Armour Shoppe.
  4484 | D:5      | Reached XP level 8. HP: 37/52 MP: 5/8
  5244 | D:6      | Found a stormy altar of Qazlal.
  5245 | D:6      | Found a broken altar of Ashenzari.
  6199 | D:6      | Reached skill level 8 in Axes
  7450 | D:7      | Reached XP level 9. HP: 27/58 MP: 3/9
  7732 | D:7      | Found a hide-covered altar of Uskayaw.
  7742 | D:7      | Noticed a +0 dagger
  7742 | D:7      | Noticed a +0 spear
  7752 | D:7      | You fall into a shaft and drop 1 floor!
  7840 | D:8      | Reached skill level 9 in Axes
  8094 | D:8      | Noticed Pikel
  8106 | D:8      | Killed Pikel
  8150 | D:8      | Reached **** piety under Trog
  8151 | D:8      | Reached skill level 10 in Axes
  8316 | D:8      | Noticed Joseph
  8332 | D:8      | Killed Joseph
  8728 | D:8      | Reached XP level 10. HP: 49/66 MP: 3/10
  8777 | D:8      | Identified the +0 pair of boots of Veetetsa {SInv}
  9001 | D:8      | Found an ancient bone altar of Kikubaaqudgha.
  9036 | D:8      | Reached skill level 11 in Axes
  9518 | D:8      | Found an ornate altar of the Wu Jian Council.
  9674 | D:9      | Noticed a two-headed ogre
  9685 | D:9      | Killed a two-headed ogre
  9753 | D:9      | Reached skill level 10 in Fighting
 10492 | D:9      | Reached skill level 12 in Axes
 11037 | D:9      | Reached XP level 11. HP: 72/73 MP: 11/11
 11083 | D:9      | Found a staircase to the Lair.
 11153 | D:9      | Found a sacrificial altar of Ru.
 11530 | D:9      | Reached skill level 13 in Axes
 11873 | Lair:1   | Entered Level 1 of the Lair of Beasts
 12946 | Lair:1   | Reached ***** piety under Trog
 13089 | Lair:1   | You fall into a shaft and drop 1 floor!
 13100 | Lair:2   | Found a staircase to the Swamp.
 13105 | Lair:2   | Found a hole to the Spider Nest.
 13105 | Lair:2   | Noticed a wolf spider
 13115 | Lair:2   | Killed a wolf spider
 13270 | Lair:2   | Reached skill level 14 in Axes
 13841 | Lair:2   | Noticed a lindwurm
 13852 | Lair:2   | Killed a lindwurm
 13853 | Lair:2   | Reached XP level 12. HP: 82/82 MP: 12/12
 15106 | Lair:3   | Reached skill level 15 in Axes
 15960 | Lair:3   | Killed from afar by a lindwurm

Illustrated notes

Levels and vault maps discovered:
D:1:      lemuel_arrival_muddy, layout_basic, chequers_ecumenical_altar_island
D:2:      layout_rooms, basic_altar, minmay_misc_feat_x, uniq_crazy_yiuf_cottage
D:3:      layout_loops_ring, minmay_fractal_squares_gapless_5
D:4:      layout_loops_ring, minmay_temple_entry_slanted
D:5:      layout_basic, serial_shops, shop
D:6:      layout_layer_cave, mainiacjoe_overflow_divided_tiny, serial_demonic,
          serial_demonic_f, serial_demonic_e, serial_demonic_g,
          serial_demonic_g, lemuel_flamethrower_2
D:7:      layout_basic, nicolae_uskayaw_en_pointe
D:8:      minmay_goldmine, layout_basic, mainiacjoe_overflow_boulevard,
          marbit_many_paths, uniq_joseph, uniq_pikel
D:9:      layout_basic, mainiacjoe_overflow_small_starburst,
          minmay_lair_entry_grove, kennysheep_generic_room_12
Lair:1:   layout_misc_corridors, kennysheep_rathole
Lair:2:   layout_roguey, swamp_mist_pool, spider_nest_entry_rubble,
          nicolae_lair_lindhole, infiniplex_staircase_pool
Lair:3:   layout_chaotic_city, minmay_lindwurm_lava, lemuel_fruit_fields

Skill      XL: |  1  2  3  4  5  6  7  8  9 10 11 12 |
---------------+-------------------------------------+-----
Axes           | 3 4 5 6 7 8 10 12 14 15 | 15.5
Fighting       | 4 5 6 7 9 10 12 13 | 13.4
Armour         | |  2.1
Dodging        | |  1.5

Action                   |  1- 3 |  4- 6 |  7- 9 | 10-12 || total
-------------------------+-------+-------+-------+-------++-------
Melee: Hand axe          |   109 |   213 |   397 |   756 ||  1475
       Punch             |       |     1 |     7 |    13 ||    21
Invok: Berserk           |       |     2 |     3 |     3 ||     8
       Trog's Hand       |       |       |     1 |       ||     1
       Brothers in Arms  |       |       |       |     2 ||     2
Evoke: Wand              |       |       |     1 |     5 ||     6
  Use: Scroll            |       |     9 |     2 |    14 ||    25
       Potion            |       |       |     1 |     2 ||     3
 Stab: Paralysed         |       |       |       |    14 ||    14
       Distracted        |       |       |       |     1 ||     1
Armor: Animal skin       |    35 |       |       |       ||    35
       Plate armour      |    23 |   145 |   280 |   472 ||   920
Dodge: Dodged            |    73 |    62 |   158 |   258 ||   551

Table legend: (Time is in decaauts)
 A = Elapsed time spent in this place.
 B = Non-inter-level travel time spent in this place.
 C = Inter-level travel time spent in this place.
 D = Time resting spent in this place.
 E = Time spent auto-exploring this place.
 F = Levels seen in this place.
 G = Mean time per level.
                   A        B        C        D        E       F      G
               +--------+--------+--------+--------+--------+-----+--------+
         Total |  15755 |  15374 |    381 |   3009 |   9867 |  12 | 1312.9 |
       Dungeon |  12506 |  12182 |    324 |   2437 |   7897 |   9 | 1389.6 |
          Lair |   3248 |   3192 |     56 |    572 |   1969 |   3 | 1082.7 |
               +--------+--------+--------+--------+--------+-----+--------+

Top non-repeatable levels by time:
     D:9: 2813 daAuts
     D:8: 1916 daAuts
     D:6: 1529 daAuts
  Lair:2: 1283 daAuts
     D:7: 1214 daAuts
     D:2: 1065 daAuts
     D:5: 1063 daAuts
  Lair:3: 1040 daAuts
     D:3: 1004 daAuts
     D:1: 999 daAuts
  Lair:1: 925 daAuts
     D:4: 900 daAuts
